Description

My version of zest's 420 adept

Replay - Freak - 420 adept

Build Order

Get SALT Encoding   

  12  0:00  Probe  
  13  0:12  Probe  
  14  0:18  Pylon  
  14  0:24  Probe (Chrono Boost)  
  15  0:37  Probe (Chrono Boost)  
  15  0:42  Gateway  
  16  0:45  Probe (Chrono Boost)  
  16  0:46  Assimilator  
  17  0:51  Probe  
  18  1:03  Probe  
  19  1:15  Probe  
  20  1:22  Nexus  
  20  1:32  Cybernetics Core  
  20  1:35  Probe  
  21  1:42  Assimilator  
  21  1:47  Probe  
  21  1:50  Pylon  
  23  2:06  Stalker (Chrono Boost)  
  25  2:09  Warp Gate  
  26  2:17  Twilight Council  
  27  2:29  Adept  
  31  2:42  Robotics Facility  
  34  3:01  Gateway  
  34  3:06  Adept  
  36  3:17  Gateway x2  
  36  3:29  Warp Prism (Chrono Boost)  
  38  3:40  Pylon  
  41  3:56  Adept x2  
  41  4:00  Pylon  
  47  4:16  Adept x4  
Spawning Tool Build Advisor. Get it on Overwolf

Analysis

My version of zest's 420 adept

Go to:

Details

  • Created by: freak182   
  • Published on: Jan 19, 2021
  • Modified on: Jan 19, 2021
  • Patch: 4.11.0
  • Difficulty: Hard
Show
View Real Time Build Order
Export as new Build Order

Comments (0)

There are no comments. Be the first!

Create an account to comment!